 Dungeon Crawl Stone Soup version 0.24-a0-725-gf1a930fc54 (webtiles) character file.

Game seed: 4481345644424787464, levelgen mode: deterministic

5225 Kohma the Grappler (level 10, -30/80 HPs)
             Began as a Yellow Draconian Transmuter on Oct 1, 2019.
             Was a High Priest of Cheibriados.
             Hit by a large rock thrown by a cyclops (44 damage)
             ... on level 9 of the Dungeon.
             The game lasted 00:33:28 (10588 turns).

Kohma the Grappler (Yellow Draconian Transmuter)   Turns: 10588, Time: 00:33:28

Health: -30/80     AC: 12    Str: 26    XL:     10   Next: 35%
Magic:  23/23      EV: 13    Int: 29    God:    Cheibriados [*****.]
Gold:   462        SH:  6    Dex: 25    Spells: 4/15 levels left

rFire    . . .     SeeInvis .     - Unarmed
rCold    . . .     Gourm    +   n - +0 buckler
rNeg     . . .     Faith    .   (armour unavailable)
rPois    +         Spirit   .   (helmet restricted)
rElec    .         Reflect  .   B - +1 cloak {rPois}
rCorr    +         Harm     .   p - +2 pair of gloves
MR       .....                  (no boots)
Stlth    ++........             C - amulet of the gourmand
HPRegen  0.23/turn              e - ring of magical power
MPRegen  0.18/turn              (no ring)

@: very slow
A: spit acid, unfitting armour, cold-blooded, acid resistance, AC +7
a: Breathe Acid, Bend Time, Temporal Distortion, Slouch, Step From Time,
Renounce Religion


You were on level 9 of the Dungeon.
You worshipped Cheibriados.
Cheibriados was extremely pleased with you.
You were full.

You visited 2 branches of the dungeon, and saw 10 of its levels.
You also visited: Sewer.

You collected 462 gold pieces.

Inventory:

Missiles
 a - 163 arrows
 d - 24 poisoned darts (quivered)
 f - 260 stones
 i - 13 boomerangs
 u - 8 curare-tipped darts
Armour
 n - a +0 buckler (worn)
 p - a +2 pair of gloves (worn)
 B - a +1 cloak of poison resistance (worn)
 G - a scarf of repulsion
Magical Staves
 A - a cursed staff of power {unknown}
Jewellery
 e - a ring of magical power (left hand)
 C - an amulet of the gourmand (around neck)
Wands
 g - a wand of disintegration (7)
 t - a wand of flame (31)
 y - a wand of acid (6)
 z - a wand of digging (2)
Scrolls
 j - a scroll of enchant weapon
 r - 2 scrolls of teleportation
 x - 2 scrolls of magic mapping
 F - a scroll of identify
Potions
 b - 2 potions of ambrosia
 h - 4 potions of agility
 k - a potion of cancellation
 l - 2 potions of invisibility {unknown}
 m - a potion of mutation {unknown}
 o - 5 potions of heal wounds
 q - a potion of magic {unknown}
 s - a potion of lignification {unknown}
 v - 6 potions of flight
 w - 2 potions of brilliance
 D - 5 potions of curing
 E - 4 potions of might
Comestibles
 c - 15 rations


   Skills:
 + Level 4.9 Fighting
 - Level 1.7 Dodging
 - Level 4.0 Shields
 * Level 10.2 Unarmed Combat
 - Level 3.0 Spellcasting
 + Level 7.9 Transmutations
 - Level 2.0 Poison Magic
 + Level 6.2 Invocations


You had 4 spell levels left.
You knew the following spells:

 Your Spells              Type           Power        Failure   Level  Hunger
a - Beastly Appendage     Tmut           ######       1%          1    None
b - Sticks to Snakes      Tmut           ######..     1%          2    #......
c - Spider Form           Tmut/Pois      ####......   3%          3    ###....
d - Blade Hands           Tmut           ######....   9%          5    ######.

Your spell library contained the following spells:

 Spells                   Type           Power        Failure   Level  Hunger
 Corona                   Hex            #......      8%          1    None
 Ensorcelled Hibernation  Hex/Ice        #.....       12%         2    #......
 Ice Form                 Ice/Tmut       ####....     16%         4    ####...
 Confuse                  Hex            #.......     22%         3    ###....
 Dazzling Spray           Conj/Hex       #.....       22%         3    ###....
 Tukima's Dance           Hex            #.......     22%         3    ###....


Dungeon Overview and Level Annotations

Branches:
Dungeon (9/15)             Temple (1/1) D:6            Lair (0/6) D:8
  Sewer (visited)
    Orc: D:9-12

Altars:
Ashenzari
Cheibriados
Dithmenos
Elyvilon
Fedhas
Gozag
Hepliaklqana
Kikubaaqudgha
Makhleb
Nemelex Xobeh
Okawaru
Qazlal
Ru
Sif Muna
Trog
Uskayaw
Vehumet
Wu Jian
Xom
Yredelemnul
Zin
The Shining One

Shops:
D:4 :


Innate Abilities, Weirdness & Mutations

You can spit globs of acid.
Your golden yellow scales are hard. (AC +7)
You cannot fit into any form of body armour.
You are cold-blooded and may be slowed by cold attacks.
You are resistant to acid. (rCorr)


Message History

Cheibriados appreciates the change of pace.
A cyclops comes into view.
The cyclops throws a large rock.
The large rock hits you!!
You see here a large rock.
Throwing (i - inventory. (/) - cycle)
d - 26 poisoned darts (quivered)
Press: ? - help, Shift-Dir - straight line, f - cyclops
Aim: a cyclops You throw a poisoned dart.
The poisoned dart barely misses the cyclops.
The cyclops throws a large rock.
The large rock hits you!!!
Ouch! That really hurt!
* * * LOW HITPOINT WARNING * * *
Throwing (i - inventory. (/) - cycle)
d - 25 poisoned darts (quivered)
Press: ? - help, Shift-Dir - straight line, f/p - cyclops
Aim: a cyclops You throw a poisoned dart.
The poisoned dart barely misses the cyclops.
The cyclops throws a large rock.
The large rock hits you!!!
Ouch! That really hurt!
You die...

...........)..##
.##..#.........#
.##.###...#....#
..#..###.##.#..##
......#####.#...#
.#.....# #...#.#
##....## #.#.#.#
.....######....(####.#
................@....#
#.#.......#####.....##
...........# ####....#
..########.###.......C.#
.......###...#.#####...(
### #....##...#(!%#..##
####......#$>?#...#
##.....#($(#. ..
#.....#####.


You could see a cyclops.

Vanquished Creatures
  Erica (D:9)
  A komodo dragon (D:8)
  A hippogriff (D:9)
  A hungry ghost (D:9)
  An ice beast (D:8)
  2 orc warriors
  A phantom (D:4)
  2 sky beasts
  A necrophage (D:8)
  3 ogres
  2 centaurs
  5 big kobolds
  8 bullfrogs
  8 scorpions
  4 killer bees (D:8)
  3 wights (D:7)
  2 howler monkeys
  6 crimson imps
  A centaur zombie (D:9)
  4 orc wizards
  3 bullfrog skeletons
  2 hounds
  4 jellies
  Crazy Yiuf (D:5)
  4 orc priests
  7 worker ants
  A howler monkey skeleton (D:7)
  2 worker ant zombies
  8 gnolls
  8 adders
  A shadow imp (D:8)
  3 oozes
  An adder zombie (D:8)
  9 dart slugs
  5 leopard geckos
  18 orcs
  5 ball pythons
  6 giant cockroaches
  7 goblins
  3 hobgoblins (D:2)
  2 jackals (D:7)
  14 kobolds
  3 quokkas
  8 bats
  10 frilled lizards
  A jackal skeleton (D:5)
  A jackal zombie (D:5)
  2 quokka zombies
  8 rats
204 creatures vanquished.

Vanquished Creatures (collateral kills)
  An ogre (D:4)
  2 killer bees (D:8)
  Terence (D:3)
  An adder skeleton (D:4)
  2 leopard geckos
  An orc (D:5)
  A quokka (D:5)
  A frilled lizard (D:4)
10 creatures vanquished.

Vanquished Creatures (others)
  2 orcs (D:4)
2 creatures vanquished.

Grand Total: 216 creatures vanquished

Notes
Turn   | Place    | Note
-------+----------+-------------------------------------------
     0 | D:1      | Kohma the Draconian Transmuter began the quest for the Orb.
     0 | D:1      | Reached XP level 1. HP: 16/16 MP: 3/3
   177 | D:1      | Reached XP level 2. HP: 14/23 MP: 5/5
   181 | D:1      | Learned a level 2 spell: Sticks to Snakes
   854 | D:2      | Reached XP level 3. HP: 28/28 MP: 6/6
  1197 | D:2      | Learned a level 3 spell: Spider Form
  1303 | D:2      | Reached XP level 4. HP: 35/35 MP: 8/8
  1502 | D:2      | Found a snail-covered altar of Cheibriados.
  1512 | D:2      | Became a worshipper of Cheibriados the Contemplative
  2003 | D:3      | Found a hide-covered altar of Uskayaw.
  2059 | D:3      | Noticed Terence
  2078 | D:3      | Killed Terence
  2296 | D:3      | Reached skill level 4 in Unarmed Combat
  2316 | D:3      | Reached skill level 1 in Shields
  2316 | D:3      | Reached XP level 5. HP: 34/40 MP: 9/9
  2351 | D:3      | Reached * piety under Cheibriados
  2654 | D:3      | Found a burning altar of Makhleb.
  2709 | D:4      | Noticed an ogre
  2747 | D:4      | Reached XP level 6. HP: 12/47 MP: 10/10
  3180 | D:4      | Reached skill level 5 in Unarmed Combat
  3209 | D:4      | Learned a level 5 spell: Blade Hands
  3444 | D:4      | Found Ruitacer's Book Emporium.
  3517 | D:4      | Your scales start taking on a golden yellow colour.
  3517 | D:4      | Reached XP level 7. HP: 27/52 MP: 11/11
  3517 | D:4      | Gained mutation: You are resistant to acid. (rCorr) [Yellow
                  | Draconian growth]
  3790 | D:4      | Reached skill level 5 in Transmutations
  4280 | D:5      | Entered Level 5 of the Dungeon
  4483 | D:5      | Reached ** piety under Cheibriados
  4582 | D:5      | Reached skill level 6 in Unarmed Combat
  4582 | D:5      | Reached skill level 1 in Poison Magic
  4582 | D:5      | Reached skill level 1 in Invocations
  4746 | D:5      | Reached XP level 8. HP: 14/59 MP: 12/12
  5634 | D:5      | Found a runed translucent door.
  5635 | D:5      | Noticed Crazy Yiuf
  5644 | D:5      | Killed Crazy Yiuf
  6118 | D:6      | Reached skill level 7 in Unarmed Combat
  6243 | D:6      | Reached *** piety under Cheibriados
  6288 | D:6      | Found a glowing drain.
  6292 | Sewer    | Entered a sewer
  6829 | D:6      | Reached skill level 8 in Unarmed Combat
  6829 | D:6      | Reached XP level 9. HP: 55/64 MP: 13/13
  6834 | D:6      | Found a staircase to the Ecumenical Temple.
  6840 | Temple   | Entered the Ecumenical Temple
  6999 | D:6      | Reached **** piety under Cheibriados
  8605 | D:8      | Reached ***** piety under Cheibriados
  8605 | D:8      | Reached skill level 9 in Unarmed Combat
  8605 | D:8      | Reached skill level 5 in Invocations
  9320 | D:8      | Found a staircase to the Lair.
  9321 | D:8      | Noticed a komodo dragon
  9341 | D:8      | Killed a komodo dragon
  9616 | D:8      | Reached XP level 10. HP: 78/78 MP: 14/14
 10185 | D:9      | Noticed Erica
 10209 | D:9      | Killed Erica
 10209 | D:9      | Reached skill level 10 in Unarmed Combat
 10576 | D:9      | Noticed a cyclops
 10588 | D:9      | Hit by a large rock thrown by a cyclops

Levels and vault maps discovered:
D:1:      scummos_arrival_simple_fountains, layout_basic, chequers_mini_garden
D:2:      layout_basic, kennysheep_slug_shrine
D:3:      layout_basic, eat_drink_and_be_merry_uskayaw,
          chequers_serial_rivers_small_b, makhleb_heckhound_becter, uniq_terence
D:4:      layout_basic, serial_shops, shop, dk_noncrumbling_2,
          lemuel_old_faithful
D:5:      layout_basic, first_ration, kennysheep_generic_room_3,
          uniq_crazy_yiuf_cottage
D:6:      layout_loops_ring, minmay_temple_entry_crystal_x,
          gup_sewer_entry_spiral
D:7:      layout_loops_corners
D:8:      layout_loops_corners, lair_entry_dummy
D:9:      layout_rooms, nicolae_straight_to_the_point, uniq_gastronok,
          uniq_erica
Temple:   kilobyte_greek_temple

Skill      XL: |  1  2  3  4  5  6  7  8  9 10 |
---------------+-------------------------------+-----
Transmutations | 3 4 5 6 7 |  7.9
Spellcasting   | 3 |  3.0
Unarmed Combat | 4 5 6 8 9 10 | 10.2
Shields        | 1 2 3 4 |  4.0
Poison Magic   | 1 2 |  2.0
Invocations    | 1 3 5 6 |  6.2
Fighting       | 4 |  4.9
Dodging        | |  1.7

Action                   |  1- 3 |  4- 6 |  7- 9 | 10-12 || total
-------------------------+-------+-------+-------+-------++-------
Melee: Unarmed           |    93 |   200 |   488 |    64 ||   845
       Tailslap          |     9 |    26 |    71 |    15 ||   121
       Headbutt          |     2 |    13 |    17 |       ||    32
       Punch             |     1 |       |       |       ||     1
       Kick              |     4 |     7 |    66 |     8 ||    85
Throw: Dart              |     3 |     5 |     2 |    14 ||    24
 Cast: Beastly Appendage |     5 |    16 |    24 |     1 ||    46
       Sticks to Snakes  |       |    16 |     8 |       ||    24
       Blade Hands       |       |       |       |     1 ||     1
 Abil: Breathe Acid      |       |       |     2 |       ||     2
  Use: Scroll            |     1 |     2 |    21 |       ||    24
       Potion            |       |       |     1 |       ||     1
 Stab: Sleeping          |       |     2 |     2 |     1 ||     5
       Distracted        |       |       |     1 |       ||     1
  Eat: Chunk             |     1 |     7 |    16 |     2 ||    26
       Ration            |       |       |     1 |       ||     1
Armor: Skin              |    32 |    44 |   140 |    16 ||   232
Dodge: Dodged            |    73 |   113 |   234 |    23 ||   443
Block: Buckler           |       |    32 |   121 |    15 ||   168

Table legend:
 A = Non-vault XP
 B = Vault XP
 C = Vault XP percentage of total XP
 D = Non-vault monster count
 E = Vault monster count
 F = Vault count percentage of total count
                 A         B        C        D         E       F
            +---------+---------+-------+---------+---------+-------
      Total |    5842 |    1623 |  21.7 |     177 |      37 |  17.3
            +---------+---------+-------+---------+---------+-------
        D:1 |      37 |       0 |   0.0 |      18 |       0 |   0.0
        D:2 |      89 |       4 |   4.3 |      23 |       1 |   4.2
        D:3 |      63 |      65 |  50.8 |      10 |       2 |  16.7
        D:4 |     804 |       0 |   0.0 |      27 |       0 |   0.0
        D:5 |     765 |     199 |  20.6 |      27 |       3 |  10.0
        D:6 |     717 |      22 |   3.0 |      19 |       6 |  24.0
        D:7 |     820 |       0 |   0.0 |      18 |       0 |   0.0
        D:8 |    1799 |       0 |   0.0 |      26 |       0 |   0.0
        D:9 |     748 |     912 |  54.9 |       9 |       1 |  10.0
      Sewer |       0 |     421 | 100.0 |       0 |      24 | 100.0
            +---------+---------+-------+---------+---------+-------
